 Dungeon Crawl Stone Soup version 0.32-a0-656-g3542139ebd (webtiles) character file.

Game seed: 5811309986166682454

15901 Malificent the Magician (level 12, -5/103 HPs)
             Began as an Oni Warper on Mar 8, 2024.
             Was a High Priest of Hepliaklqana.
             Killed by vampiric draining
             ... invoked by a vampire
              (20 damage)
             ... on level 11 of the Dungeon on Mar 9, 2024.
             The game lasted 01:02:50 (11874 turns).

Malificent the Magician (Oni Warper)               Turns: 11874, Time: 01:02:51

Health: -5/103     AC:  7    Str: 18    XL:     12   Next: 31%
Magic:  16/23      EV: 15    Int: 24    God:    Hepliaklqana [*****.]
Gold:   289        SH:  5    Dex:  8    Spells: 7/26 levels left

rFire   . . .        k - +5 glaive (heavy)
rCold   . . .        (shield currently unavailable)
rNeg    . . .        t - +0 acid dragon scales
rPois   .            (helmet restricted)
rElec   .            (no cloak)
rCorr   +            (gloves unavailable)
SInv    .            (boots unavailable)
Will    +....        g - amulet of reflection
Stlth   +            j - +5 ring of evasion
HPRegen 0.37/turn    G - +6 ring of intelligence
MPRegen 0.18/turn

%: reflection
@: no status effects
A: reduced essence, large, unfitting armour, horns 1, tough skin 1, double
potion healing, drunken brawling
a: Renounce Religion, Recall Ancestor, Ancestor Identity, Transference, Idealise


You were on level 11 of the Dungeon.
You worshipped Hepliaklqana.
Hepliaklqana was extremely pleased with you.
You visited 1 branch of the dungeon, and saw 11 of its levels.

You collected 517 gold pieces.
You spent 228 gold pieces at shops.

Inventory:

Hand Weapons
 a - a +0 mace of freezing
 f - a +0 giant spiked club
 k - a +5 heavy glaive (weapon)
 l - a +5 war axe
 o - a +1 war axe of freezing
 q - the +8 pair of quick blades "Gyre" and "Gimble" {protect}
   (You found it on level 8 of the Dungeon)
 D - a +1 shortbow of freezing
 F - the +8 short sword of Osough {holy, Fly rElec Int+5 Dex-5}
   (You found it on level 6 of the Dungeon)

   Int+5:     It affects your intelligence (+5).
   Dex-5:     It affects your dexterity (-5).
   rElec:     It insulates you from electricity.
   Fly:       It grants you flight.
Missiles
 d - 7 darts of dispersal
 e - 37 poisoned darts (quivered)
 m - 6 atropa-tipped darts
 x - 9 curare-tipped darts
 S - a throwing net
Armour
 b - a +0 robe
 t - +0 acid dragon scales (worn)
 P - a +0 cloak
Magical Staves
 u - a staff of air
Jewellery
 g - an amulet of reflection (around neck)
 i - an amulet of guardian spirit
 j - a +5 ring of evasion (left hand)
 G - a +6 ring of intelligence (right hand)
 J - an amulet of magic regeneration
Wands
 y - a wand of charming (9)
 B - a wand of warping (6)
 E - a wand of polymorph (5)
 H - a wand of mindburst (1)
 L - a wand of flame (21)
 R - a wand of light (5)
Scrolls
 c - a scroll of blinking
 r - a scroll of fear
 s - 2 scrolls of vulnerability
 w - a scroll of fog
 z - a scroll of torment
 A - 2 scrolls of amnesia
 I - a scroll of immolation
 K - 3 scrolls of teleportation
 M - a scroll of identify
Potions
 h - 4 potions of attraction
 n - 3 potions of mutation
 p - 5 potions of enlightenment
 v - 2 potions of brilliance
 C - a potion of resistance
 N - 2 potions of curing
 Q - 2 potions of lignification


   Skills:
 + Level 6.9 Fighting
 + Level 2.7(7.2) Axes
 * Level 7.4(7.7) Maces & Flails
 + Level 7.3(7.6) Polearms
 * Level 6.5 Throwing
 + Level 2.3 Armour
 + Level 4.8 Dodging
 + Level 1.5 Stealth
 + Level 2.8 Shields
 * Level 7.9 Spellcasting
 * Level 0.3 Conjurations
 * Level 6.8 Translocations
 * Level 5.1 Air Magic
 * Level 7.1 Invocations
 + Level 0.3 Evocations


You had 7 spell levels left.
You knew the following spells:

 Your Spells              Type           Power      Damage    Failure   Level
a - Blink                 Tloc           84%        N/A       1%          2
b - Manifold Assault      Tloc           42%        N/A       5%          4
c - Vhi's Electric Charg  Tloc/Air       76%        N/A       8%          4
d - Airstrike             Air            17%        2d(3-19)  11%         4
e - Arcjolt               Conj/Air       11%        1d21      58%         5

Your spell library contained the following spells:

 Spells                   Type           Power      Damage    Failure   Level
 Lesser Beckoning         Tloc           84%        N/A       1%          2
 Teleport Other           Tloc           42%        N/A       1%          3
 Mercury Vapours          Alch/Air       42%        N/A       4%          2
 Static Discharge         Conj/Air       44%        3-5/arc   4%          2
 Magic Dart               Conj           44%        1d5       8%          1
 Searing Ray              Conj           22%        2d5       11%         2
 Mephitic Cloud           Conj/Alch/Air  18%        N/A       12%         3
 Inner Flame              Hex/Fire       9%         N/A       26%         3
 Summon Ice Beast         Ice/Summ       9%         N/A       26%         3
 Summon Lightning Spire   Summ/Air       21%        N/A       30%         4
 Fulminant Prism          Conj/Alch      5%         3d7       61%         4
 Ignite Poison            Fire/Alch      9%         N/A       65%         4
 Summon Blazeheart Golem  Fire/Summ      9%         N/A       65%         4
 Freezing Cloud           Conj/Ice/Air   9%         6-21      75%         5
 Summon Mana Viper        Hex/Summ       9%         N/A       94%         5
 Plasma Beam              Fire/Air       10%        2x1d21    99%         6
 Monstrous Menagerie      Summ           4%         N/A       100%        7
 Fire Storm               Conj/Fire      5%         8d1       100%        9


Dungeon Overview and Level Annotations

Branches:
Dungeon (11/15)            Temple (0/1) D:4            Lair (0/5) D:9
    Orc: D:9-12

Altars:
Hepliaklqana
Uskayaw

Shops:
D:3 (   D:4 !   D:9 !!***

Annotations:
D:8 3 runed translucent doors, Strat's ghost, novice OnHW


Innate Abilities, Weirdness & Mutations

Your life essence is reduced to manifest your ancestor. (-10% HP)
You are too large for most types of armour.
You have a pair of small horns on your head.
You have tough skin. (AC +1)
You gain doubled healing and magic from potions.
Whenever you drink a healing potion, you attack all around you.


Message History

The centaur warrior zombie barely misses Zabovach.
Aiming: Bolt of Light
Press: ? - help, Shift-Dir - straight line Out of range.
Okay, then.
Aiming: Warp Space
Press: ? - help, Shift-Dir - straight line Space twists violently!
The rupture engulfs something!
The rupture engulfs the centaur warrior zombie.
The centaur warrior zombie is almost destroyed.
The rupture engulfs you.
You blink.
Found 4 gold pieces.
Zabovach avoids your attack.
The centaur warrior zombie closely misses you.
The centaur warrior zombie kicks you but does no damage.
Zabovach hits the centaur warrior zombie with a +0 flail!
You slash the centaur warrior zombie!
You destroy the centaur warrior zombie!
Something hits you! Something bites you but does no damage.
The centaur warrior zombie hits you.
The centaur warrior zombie barely misses you.
Something hits you but does no damage. Something barely misses you.
Something hits you! Something bites you but does no damage.
You hit the centaur warrior zombie.
The centaur warrior zombie is heavily damaged.
The centaur warrior zombie hits you! The centaur warrior zombie kicks you.
Zabovach hits the centaur warrior zombie with a +0 flail!
The centaur warrior zombie hits you. The centaur warrior zombie kicks you.
Something draws life force from you!
* * * LOW HITPOINT WARNING * * *
Something hits you.
* * * LOW HITPOINT WARNING * * *
Something bites you.
* * * LOW HITPOINT WARNING * * *
Something draws strength from your injuries!
The centaur warrior zombie closely misses you.
The centaur warrior zombie kicks you.
* * * LOW HITPOINT WARNING * * *
Something draws life force from you!!
You die...
Hepliaklqana delivers you to your ancestors.

#.....# ####.....#
#........# #........
#.......# # #.......#
###
..#....ZR.############..
P......@...............#
.$........##############
..#########


You could see the friendly Zabovach the knight and a centaur warrior zombie
(ally target).

Vanquished Creatures
  3 two-headed ogres
  2 boulder beetles (D:11)
  4 centaur zombies (D:11)
  Jeremiah (D:6)
  4 kobold demonologists (D:10)
  Psyche (D:8)
  2 shadows (D:11)
  A wraith (D:9)
  A spriggan (D:8)
  3 yaks (D:8)
  A wyvern (D:9)
  2 vampire mosquitoes (D:10)
  An acid dragon (D:9)
  2 water moccasins
  2 orc warriors
  A black bear (D:9)
  An ogre (D:6)
  An ice beast (D:7)
  2 centaurs
  2 phantoms
  6 kobold brigands
  A gnoll sergeant (D:11)
  2 bullfrogs (D:9)
  A scorpion (D:6)
  9 wights
  5 killer bees
  2 howler monkeys
  A bombardier beetle (D:5)
  3 hounds
  4 orc priests
  A jelly (D:6)
  2 iguanas
  A sleepcap (D:7)
  Natasha (twice) (D:4)
  8 orc wizards
  7 gnolls
  3 adders
  A white imp (D:8)
  2 ufetubi (D:6)
  3 dart slugs
  13 orcs
  6 ball pythons
  4 endoplasms
  4 giant cockroaches
  4 goblins
  6 hobgoblins
  6 bats
  2 frilled lizards (D:1)
  20 kobolds
  6 rats
  A spectral kobold (D:1)
173 creatures vanquished.

Vanquished Creatures (collateral kills)
  A two-headed ogre (D:8)
  Urug (D:10)
  Maurice (D:7)
  A centaur zombie (D:11)
  A kobold demonologist (D:10)
  2 wyverns (D:10)
  A yak (D:9)
  4 vampire mosquitoes (D:10)
  A water moccasin (D:9)
  4 ice beasts
  A sky beast (D:4)
  A black bear (D:4)
  2 centaurs
  2 kobold brigands (D:10)
  4 bullfrogs
  2 scorpions
  7 wights
  4 killer bees
  A howler monkey (D:10)
  2 hounds
  An orc priest (D:8)
  A sleepcap (D:6)
  2 iguanas (D:5)
  A jelly (D:7)
  5 orc wizards
  Natasha (D:4)
  2 adders
  8 gnolls
  A shadow imp (D:6)
  A ribbon worm (D:3)
  A dart slug (D:4)
  17 orcs
  2 endoplasms (D:2)
  4 goblins
  4 hobgoblins
  10 kobolds
  A quokka (D:3)
  A frilled lizard (D:1)
  2 rats (D:2)
108 creatures vanquished.

Vanquished Creatures (others)
  2 knights
  2 ancestors (D:1)
4 creatures vanquished.

Grand Total: 285 creatures vanquished

Notes
Turn   | Place    | Note
-------+----------+-------------------------------------------
     0 | D:1      | Malificent the Oni Warper began the quest for the Orb.
     0 | D:1      | Reached XP level 1. HP: 22/22 MP: 3/3
   108 | D:1      | Reached XP level 2. HP: 29/29 MP: 3/5
   169 | D:1      | Found a faded altar of an unknown god.
   179 | D:1      | Prayed at the altar of an unknown god.
   179 | D:1      | Became a worshipper of Hepliaklqana the Forgotten
   179 | D:1      | Reached * piety under Hepliaklqana
   649 | D:1      | Reached XP level 3. HP: 30/32 MP: 7/7
  1150 | D:2      | Reached ** piety under Hepliaklqana
  1199 | D:2      | Remembered your ancestor Zabovach as a knight
  1346 | D:2      | Reached XP level 4. HP: 40/40 MP: 8/8
  1592 | D:3      | Found Bothah's Weapon Boutique.
  1737 | D:3      | Reached XP level 5. HP: 36/47 MP: 9/9
  1815 | D:3      | Learned a level 2 spell: Blink
  1820 | D:3      | Learned a level 4 spell: Manifold Assault
  1825 | D:3      | Learned a level 4 spell: Vhi's Electric Charge
  1999 | D:3      | Reached *** piety under Hepliaklqana
  2531 | D:4      | Noticed a phantom
  2532 | D:4      | Noticed a black bear
  2533 | D:4      | Noticed a sky beast
  2538 | D:4      | Killed a black bear
  2539 | D:4      | Reached skill level 1 in Axes
  2539 | D:4      | Reached XP level 6. HP: 54/54 MP: 10/10
  2544 | D:4      | Reached skill level 1 in Invocations
  2550 | D:4      | Killed a sky beast
  2551 | D:4      | Reached skill level 1 in Air Magic
  2731 | D:4      | Reached XP level 7. HP: 38/61 MP: 12/12
  2883 | D:4      | Noticed Natasha
  2893 | D:4      | Killed Natasha
  2981 | D:4      | Found a staircase to the Ecumenical Temple.
  3026 | D:4      | Found Baulix's Distillery.
  3037 | D:4      | Got Amutiry's Grimoire of Flames
  3049 | D:4      | Bought a potion of curing for 36 gold pieces
  3049 | D:4      | Bought a potion of might for 48 gold pieces
  3049 | D:4      | Bought a potion of brilliance for 48 gold pieces
  3123 | D:4      | Noticed Natasha
  3132 | D:4      | Killed Natasha
  3156 | D:4      | Noticed Natasha
  3161 | D:4      | Killed Natasha
  3410 | D:4      | Reached skill level 1 in Shields
  3735 | D:4      | Identified a scroll of acquirement
  3735 | D:4      | Acquired a +3 heavy glaive
  3740 | D:5      | Entered Level 5 of the Dungeon
  3910 | D:5      | Reached **** piety under Hepliaklqana
  4294 | D:5      | Reached XP level 8. HP: 45/71 MP: 12/14
  4537 | D:6      | Found a hide-covered altar of Uskayaw.
  4708 | D:6      | Reached skill level 1 in Polearms
  4719 | D:6      | Reached skill level 5 in Fighting
  4836 | D:6      | Noticed Jeremiah
  4850 | D:6      | Killed Jeremiah
  4851 | D:6      | Reached XP level 9. HP: 41/79 MP: 16/16
  5006 | D:6      | Reached skill level 5 in Spellcasting
  5477 | D:6      | Identified the +8 short sword of Osough {holy, Fly rElec
                  | Int+5 Dex-5}
  5886 | D:7      | Reached skill level 1 in Stealth
  6103 | D:7      | Noticed Maurice
  6113 | D:7      | Killed Maurice
  6114 | D:7      | Reached skill level 5 in Translocations
  6252 | D:7      | Reached skill level 5 in Maces & Flails
  6269 | D:7      | Reached XP level 10. HP: 75/88 MP: 18/18
  6812 | D:8      | Reached ***** piety under Hepliaklqana
  6875 | D:8      | Found a runed translucent gate.
  6876 | D:8      | Found a runed translucent gate.
  6876 | D:8      | Found a runed translucent gate.
  6880 | D:8      | Noticed Strat's ghost (novice OnHW)
  7165 | D:8      | Noticed Psyche
  7172 | D:8      | Killed Psyche
  7313 | D:8      | Reached skill level 5 in Invocations
  7554 | D:8      | Noticed a two-headed ogre
  7562 | D:8      | Killed a two-headed ogre
  7563 | D:8      | Reached skill level 5 in Polearms
  7758 | D:8      | Noticed a two-headed ogre
  7758 | D:8      | Noticed a two-headed ogre
  7772 | D:8      | Killed a two-headed ogre
  7773 | D:8      | Reached skill level 5 in Throwing
  7774 | D:8      | Killed a two-headed ogre
  7907 | D:8      | Found the +8 pair of quick blades "Gyre" and "Gimble"
                  | {protect}
  8139 | D:8      | Reached XP level 11. HP: 84/95 MP: 20/20
  8912 | D:9      | HP: 4/91 [acid dragon/splash of acid (24)]
  8915 | D:9      | Found a staircase to the Lair.
  9409 | D:9      | Found Xypas's General Store.
  9422 | D:9      | Found Zausio's General Store.
  9656 | D:9      | Found Koqedyf's Distillery.
  9663 | D:9      | Found Zizi's General Store.
  9686 | D:9      | Bought a potion of curing for 36 gold pieces
  9686 | D:9      | Bought a potion of heal wounds for 60 gold pieces
  9945 | D:9      | Found Papsir's Distillery.
 10098 | D:10     | Entered Level 10 of the Dungeon
 10164 | D:10     | Noticed a two-headed ogre
 10170 | D:10     | Killed a two-headed ogre
 10426 | D:10     | Learned a level 4 spell: Airstrike
 10661 | D:10     | Reached skill level 1 in Armour
 10879 | D:10     | Noticed Urug
 10884 | D:10     | Killed Urug
 11347 | D:11     | Noticed a boulder beetle
 11356 | D:11     | Killed a boulder beetle
 11357 | D:11     | Reached skill level 5 in Air Magic
 11357 | D:11     | Reached XP level 12. HP: 103/103 MP: 23/23
 11550 | D:11     | Noticed a boulder beetle
 11561 | D:11     | Killed a boulder beetle
 11768 | D:11     | Learned a level 5 spell: Arcjolt
 11874 | D:11     | Killed from afar by a vampire

Illustrated notes

Levels and vault maps discovered:
D:1:      scummos_arrival_checkerplants, layout_loops_ring,
          dreamdust_ecumenical_altar_drowned_temple, serial_forest,
          infiniplex_forest_clump_small, infiniplex_forest_end_double,
          infiniplex_forest_lined_2, infiniplex_forest_lined_3,
          infiniplex_forest_clump_tiny, infiniplex_forest_split,
          infiniplex_forest_lined_room_2, infiniplex_forest_clump_cross,
          infiniplex_forest_clump_tiny, corexii_corridor_pit
D:2:      layout_basic
D:3:      layout_basic, serial_shops, shop
D:4:      layout_basic, minmay_temple_entry_large_hall, serial_shops, shop,
          chequers_serial_rivers_micro_a, uniq_natasha
D:5:      layout_rooms, minmay_strange_pillars
D:6:      layout_loops_ring, mainiacjoe_overflow_small_starburst, uniq_jeremiah
D:7:      layout_basic, amcnicky_mini_rare_corridor_liquid, uniq_maurice
D:8:      layout_basic, serial_aquarium, aquarium_bridge_square
          [aquarium_subvault_wall, aquarium_subvault_bridge,
          aquarium_subvault_window, aquarium_subvault_window],
          aquarium_window_1, aquarium_window_corridor_1, aquarium_window_1,
          aquarium_view_2a, aquarium_view_2a, gammafunk_ghost_necromancy,
          hellmonk_guarded_unrand_gyre_and_gimble, uniq_psyche
D:9:      layout_loops_ring, due_lair_maze_entry_diamond, serial_shops, shop,
          nicolae_shop_stone, nicolae_shop_tiny_waterfront, shop,
          nicolae_shop_just_a_little_nook
D:10:     layout_loops_ring, serial_park_tiny_pond, grunt_ministairs_4,
          uniq_urug
D:11:     layout_roguey, serial_undead, serial_undead_e, serial_undead_c,
          serial_undead_f, serial_undead_e, serial_undead_a, serial_undead_e,
          serial_undead_f

Skill      XL: |  1  2  3  4  5  6  7  8  9 10 11 12 |
---------------+-------------------------------------+-----
Translocations | 3 4 5 6 |  6.8
Fighting       | 3 4 5 6 |  6.9
Maces & Flails | 3 4 5 6 7 |  7.4
Spellcasting   | 3 4 5 6 7 |  7.9
Axes           | 1 2 |  2.7
Throwing       | 2 3 4 5 6 |  6.5
Invocations    | 1 2 3 4 6 7 |  7.1
Air Magic      | 1 2 3 4 5 |  5.1
Shields        | 1 2 |  2.8
Dodging        | 3 4 |  4.8
Polearms       | 2 4 5 6 7 |  7.3
Stealth        | 1 |  1.5
Armour         | 1 2 |  2.3
Conjurations   | |  0.3
Evocations     | |  0.3

Action                     |  1- 3 |  4- 6 |  7- 9 | 10-12 || total
---------------------------+-------+-------+-------+-------++-------
  Melee: Mace              |    90 |       |       |       ||    90
         Headbutt          |    10 |     5 |    13 |    28 ||    56
         War axe           |       |    55 |    47 |       ||   102
         Glaive            |       |       |   102 |   262 ||   364
  Throw: Dart              |       |     1 |     3 |     6 ||    10
   Cast: Manifold Assault  |       |       |       |    14 ||    14
         Blink             |       |       |       |     3 ||     3
         Vhi's Electric Ch |       |       |       |     2 ||     2
         Airstrike         |       |       |       |     1 ||     1
 Invoke: Ancestor Life: Kn |     1 |       |       |       ||     1
         Ancestor Identity |     1 |       |       |       ||     1
         Recall Ancestor   |       |       |     1 |       ||     1
         Idealise          |       |       |       |     3 ||     3
  Evoke: Wand              |       |       |       |    11 ||    11
    Use: Scroll            |     3 |     3 |    14 |     4 ||    24
         Potion            |       |     1 |     2 |    11 ||    14
   Stab: Distracted        |       |       |     1 |     1 ||     2
         Sleeping          |       |       |       |     1 ||     1
 Armour: Robe              |    52 |    26 |    89 |   126 ||   293
         Acid dragon scale |       |       |       |   158 ||   158
         Skin              |       |       |       |     2 ||     2
  Dodge: Dodged            |    58 |    44 |    93 |   277 ||   472
  Block: Other             |    13 |    15 |    33 |    86 ||   147
         Reflection        |       |       |     3 |     6 ||     9

Table legend: (Time is in decaauts)
 A = Elapsed time spent in this place.
 B = Non-inter-level travel time spent in this place.
 C = Inter-level travel time spent in this place.
 D = Time resting spent in this place.
 E = Time spent auto-exploring this place.
 F = Levels seen in this place.
 G = Mean time per level.
                   A        B        C        D        E       F      G
               +--------+--------+--------+--------+--------+-----+--------+
         Total |  12327 |  12129 |    198 |   3254 |   6092 |  11 | 1120.6 |
       Dungeon |  12327 |  12129 |    198 |   3254 |   6092 |  11 | 1120.6 |
               +--------+--------+--------+--------+--------+-----+--------+

Top non-repeatable levels by time:
     D:8: 2479 daAuts
     D:4: 1350 daAuts
    D:10: 1329 daAuts
     D:6: 1220 daAuts
     D:9: 1152 daAuts
     D:3: 984 daAuts
     D:7: 939 daAuts
     D:1: 845 daAuts
     D:2: 741 daAuts
     D:5: 722 daAuts
    D:11: 563 daAuts
